 Dungeon Crawl Stone Soup version 0.29-a0-459-g97dee8cd24 (webtiles) character file.

Game seed: 4566799313884825007

396 croobank the Shield-Bearer (level 6, 0/53 HPs)
             Began as a Gnoll Fighter on May 20, 2022.
             Slain by Dowan
             ... wielding a +0 dagger
              (3 damage)
             ... on level 4 of the Dungeon.
             The game lasted 00:10:18 (3899 turns).

croobank the Shield-Bearer (Gnoll Fighter)          Turns: 3899, Time: 00:10:19

Health: 0/53       AC:  9    Str: 17    XL:     6   Next: 83%
Magic:  8/9        EV: 10    Int:  7    God:
Gold:   374        SH:  5    Dex: 12    Spells: 9/9 levels left

rFire   . . .      SeeInvis .   a - +1 war axe
rCold   . . .      Faith    .   c - +0 buckler
rNeg    . . .      Spirit   .   b - +0 scale mail
rPois   .          Reflect  .   (no helmet)
rElec   .          Harm     .   (no cloak)
rCorr   .          Rampage  .   p - +0 pair of gloves
Will    .....                   (no boots)
Stlth   +.........              (no amulet)
HPRegen 0.17/turn               (no ring)
MPRegen 0.11/turn               (no ring)

@: mighty
A: fangs 1, strong nose, distributed training
a: no special abilities


You were on level 4 of the Dungeon.
You visited 1 branch of the dungeon, and saw 4 of its levels.

You collected 374 gold pieces.

Inventory:

Hand Weapons
 a - a +1 war axe (weapon)
 m - a +0 hunting sling
 u - a +4 club
Missiles
 i - 126 stones (quivered)
 w - a throwing net
Armour
 b - a +0 scale mail (worn)
 c - a +0 buckler (worn)
 p - a +0 pair of gloves (worn)
 v - a +0 leather armour
 x - a +1 plate armour of positive energy
Jewellery
 y - a ring of fire
Wands
 k - a wand of digging (4)
Scrolls
 e - a scroll of summoning {unknown}
 g - a scroll of enchant weapon
 n - a scroll of silence {unknown}
 o - 3 scrolls of fear
 t - a scroll of enchant armour {unknown}
 z - a scroll of blinking
Potions
 d - a potion of might
 f - 7 potions of curing
 h - 2 potions of mutation
 j - a potion of brilliance
 l - 2 potions of invisibility {unknown}
 q - 2 potions of lignification
 r - 2 potions of heal wounds
 s - a potion of berserk rage


   Skills:
 + Level 6.9 Fighting
 + Level 2.1 Short Blades
 + Level 2.1 Long Blades
 + Level 5.0 Axes
 + Level 2.1 Maces & Flails
 + Level 2.1 Polearms
 + Level 2.1 Staves
 + Level 2.1 Slings
 + Level 2.1 Bows
 + Level 2.1 Crossbows
 + Level 2.1 Throwing
 + Level 6.9 Armour
 + Level 2.1 Dodging
 + Level 2.1 Stealth
 + Level 6.9 Shields
 + Level 2.1 Unarmed Combat
 + Level 2.1 Spellcasting
 + Level 1.7 Conjurations
 + Level 1.7 Hexes
 + Level 1.7 Summonings
 + Level 1.7 Necromancy
 + Level 1.7 Translocations
 + Level 1.7 Transmutations
 + Level 1.7 Fire Magic
 + Level 1.7 Ice Magic
 + Level 1.7 Air Magic
 + Level 1.7 Earth Magic
 + Level 1.7 Poison Magic
 + Level 2.3 Invocations
 + Level 2.1 Evocations


You had 9 spell levels left.
You didn't know any spells.
Your spell library contained the following spells:

 Spells                   Type           Power      Damage    Failure   Level
 Sandblast                Erth           6%         2d5       56%         1
 Shock                    Conj/Air       12%        1d3       56%         1
 Ensorcelled Hibernation  Hex/Ice        6%         N/A       71%         2
 Passwall                 Tmut/Erth      2%         N/A       71%         2
 Poisonous Vapours        Pois/Air       6%         N/A       71%         2
 Spider Form              Tmut/Pois      3%         N/A       91%         3
 Stone Arrow              Conj/Erth      6%         3d7       91%         3
 Swiftness                Air            3%         N/A       91%         3
 Airstrike                Air            1%         N/A       100%        4
 Anguish                  Hex/Necr       1%         N/A       100%        4
 Corpse Rot               Necr/Pois/Air  3%         N/A       100%        4


Dungeon Overview and Level Annotations

Branches:
Dungeon (4/15)
 Temple: D:4-7

Altars:
Xom
The Shining One

Annotations:
D:4 3 runed translucent doors, Dowan; hquester's ghost, amateur DsAK


Innate Abilities, Weirdness & Mutations

You have very sharp teeth.
Your uncanny sense of smell can sniff out nearby items.
Your experience applies equally to all skills.


Message History

Dowan hits you with a +0 dagger. Dowan hits you but does no damage.
Duvessa hits you with a +0 rapier.
You closely miss Duvessa.
Duvessa is almost dead.
You closely miss Dowan. Duvessa hits you with a +0 rapier.
Dowan hits you with a +0 dagger.
You slice Duvessa!!
You kill Duvessa!
Dowan's eyes darken. "You have made a black mistake."
Dowan seems to find hidden reserves of power!
You completely miss Dowan. Dowan hits you with a +0 dagger.
Dowan hits you but does no damage.
Your Short Blades skill increases to level 2!
Your Long Blades skill increases to level 2!
Your Maces & Flails skill increases to level 2!
Your Polearms skill increases to level 2!
Your Staves skill increases to level 2!
Your Slings skill increases to level 2!
Your Bows skill increases to level 2!
Your Crossbows skill increases to level 2!
Your Throwing skill increases to level 2!
Your Dodging skill increases to level 2!
Your Stealth skill increases to level 2!
Your Unarmed Combat skill increases to level 2!
Your Spellcasting skill increases to level 2!
Your Evocations skill increases to level 2!
You slash Dowan!
Dowan is heavily wounded.
Dowan mumbles some strange words.
Dowan blinks!
Dowan shakes with grief.
Things that are here:
a +0 rapier; a +0 leather armour
Okay, then.
Dowan gestures at you while chanting. You block the stone arrow.
Dowan points at you and mumbles some strange words.
The shard of ice hits you!!
* * * LOW HITPOINT WARNING * * *
Dowan hits you with a +0 dagger.
You die...

####. ....##### ....
..##.# # ∆ ... . #.# #
..### #.# ...## #.#
#.#.# #.# ##.#.#######.#
#..#.........#
#@##.###.##.## #e##.#
#.##.# #.##.###.##.#
#.##.#...##)##.#
#...†.......##.######
..............###.......
######.........#########
##.......## ##.....##


You could see Dowan (fast).

Vanquished Creatures
  Duvessa (D:4)
  2 hounds (D:4)
  An orc priest (D:4)
  A jelly (D:4)
  Ijyb (D:3)
  7 adders
  An ufetubus (D:4)
  2 worms
  A dart slug (D:3)
  9 orcs
  10 bats
  4 endoplasms
  2 giant cockroaches
  7 goblins
  6 hobgoblins
  5 jackals (D:3)
  A quokka (D:3)
  4 ball pythons
  A frilled lizard (D:3)
  5 kobolds
71 creatures vanquished.

Vanquished Creatures (others)
  A fungus (D:3)
  13 plants (D:3)
14 creatures vanquished.

Grand Total: 85 creatures vanquished

Notes
Turn   | Place    | Note
-------+----------+-------------------------------------------
     0 | D:1      | croobank the Gnoll Fighter began the quest for the Orb.
     0 | D:1      | Reached XP level 1. HP: 23/23 MP: 1/1
   213 | D:1      | Reached XP level 2. HP: 29/29 MP: 2/2
  1361 | D:2      | Reached XP level 3. HP: 35/35 MP: 2/4
  1760 | D:3      | Found a glowing golden altar of the Shining One.
  1937 | D:3      | Found a shimmering altar of Xom.
  1980 | D:3      | Reached skill level 1 in Invocations
  1993 | D:3      | Noticed Ijyb
  2012 | D:3      | Killed Ijyb
  2013 | D:3      | Reached skill level 1 in Short Blades
  2013 | D:3      | Reached skill level 1 in Long Blades
  2013 | D:3      | Reached skill level 1 in Maces & Flails
  2013 | D:3      | Reached skill level 1 in Polearms
  2013 | D:3      | Reached skill level 1 in Staves
  2013 | D:3      | Reached skill level 1 in Slings
  2013 | D:3      | Reached skill level 1 in Bows
  2013 | D:3      | Reached skill level 1 in Crossbows
  2013 | D:3      | Reached skill level 1 in Throwing
  2013 | D:3      | Reached skill level 1 in Dodging
  2013 | D:3      | Reached skill level 1 in Stealth
  2013 | D:3      | Reached skill level 1 in Unarmed Combat
  2013 | D:3      | Reached skill level 1 in Spellcasting
  2013 | D:3      | Reached skill level 1 in Evocations
  2013 | D:3      | Reached XP level 4. HP: 20/41 MP: 5/5
  2252 | D:3      | Found a faded altar of an unknown god.
  2601 | D:3      | Reached skill level 1 in Conjurations
  2601 | D:3      | Reached skill level 1 in Hexes
  2601 | D:3      | Reached skill level 1 in Summonings
  2601 | D:3      | Reached skill level 1 in Necromancy
  2601 | D:3      | Reached skill level 1 in Translocations
  2601 | D:3      | Reached skill level 1 in Transmutations
  2601 | D:3      | Reached skill level 1 in Fire Magic
  2601 | D:3      | Reached skill level 1 in Ice Magic
  2601 | D:3      | Reached skill level 1 in Air Magic
  2601 | D:3      | Reached skill level 1 in Earth Magic
  2601 | D:3      | Reached skill level 1 in Poison Magic
  2876 | D:3      | Reached XP level 5. HP: 45/47 MP: 6/6
  3481 | D:4      | Noticed an ice beast
  3482 | D:4      | Noticed hquester's ghost (amateur DsAK)
  3495 | D:4      | Found a runed translucent gate.
  3495 | D:4      | Found a runed translucent gate.
  3551 | D:4      | Found a runed translucent gate.
  3658 | D:4      | Reached XP level 6. HP: 53/53 MP: 8/8
  3877 | D:4      | Reached skill level 5 in Axes
  3877 | D:4      | Noticed Duvessa
  3877 | D:4      | Noticed Dowan
  3892 | D:4      | Killed Duvessa
  3899 | D:4      | Slain by Dowan

Illustrated notes

Levels and vault maps discovered:
D:1:      amcnicky_arrival_abandoned_market, layout_basic
D:2:      layout_basic, eino_curves_01
D:3:      minmay_razor_zed, layout_loops_cross,
          mainiacjoe_overflow_tiny_flanked, mainiacjoe_overflow_24_doors,
          serial_forest, infiniplex_forest_lined_corner,
          infiniplex_forest_end_2, infiniplex_forest_end_3,
          infiniplex_forest_clump_tiny, infiniplex_forest_lined_3,
          infiniplex_forest_clump_curved, infiniplex_forest_clump_curved,
          infiniplex_forest_lined_1, infiniplex_forest_clump_C,
          infiniplex_forest_clump_curved, ebering_ecumenical_altar_petrified,
          minmay_fractal_squares_5, uniq_ijyb
D:4:      layout_loops_ring, lemuel_round_altar, gammafunk_ghost_split,
          minmay_misc_feat_plants, uniq_duvessa

Skill      XL: |  1  2  3  4  5  6 |
---------------+-------------------+-----
Invocations    | 1 2 |  2.3
Short Blades   | 1 2 |  2.1
Long Blades    | 1 2 |  2.1
Maces & Flails | 1 2 |  2.1
Polearms       | 1 2 |  2.1
Staves         | 1 2 |  2.1
Slings         | 1 2 |  2.1
Bows           | 1 2 |  2.1
Crossbows      | 1 2 |  2.1
Throwing       | 1 2 |  2.1
Dodging        | 1 2 |  2.1
Stealth        | 1 2 |  2.1
Unarmed Combat | 1 2 |  2.1
Spellcasting   | 1 2 |  2.1
Evocations     | 1 2 |  2.1
Conjurations   | 1 |  1.7
Hexes          | 1 |  1.7
Summonings     | 1 |  1.7
Necromancy     | 1 |  1.7
Translocations | 1 |  1.7
Transmutations | 1 |  1.7
Fire Magic     | 1 |  1.7
Ice Magic      | 1 |  1.7
Air Magic      | 1 |  1.7
Earth Magic    | 1 |  1.7
Poison Magic   | 1 |  1.7
Axes           | 5 |  5.0
Fighting       | |  6.9
Armour         | |  6.9
Shields        | |  6.9

Action                   |  1- 3 |  4- 6 || total
-------------------------+-------+-------++-------
Melee: War axe           |    74 |   144 ||   218
       Bite              |     3 |    16 ||    19
Throw: Throwing net      |     1 |       ||     1
  Use: Potion            |     1 |     1 ||     2
       Scroll            |       |    11 ||    11
Armor: Scale mail        |    40 |    64 ||   104
Dodge: Dodged            |    31 |    67 ||    98
Block: Buckler           |    18 |    40 ||    58

Table legend: (Time is in decaauts)
 A = Elapsed time spent in this place.
 B = Non-inter-level travel time spent in this place.
 C = Inter-level travel time spent in this place.
 D = Time resting spent in this place.
 E = Time spent auto-exploring this place.
 F = Levels seen in this place.
 G = Mean time per level.
                   A        B        C        D        E       F      G
               +--------+--------+--------+--------+--------+-----+--------+
         Total |   3965 |   3881 |     84 |    355 |   2834 |   4 |  991.2 |
       Dungeon |   3965 |   3881 |     84 |    355 |   2834 |   4 |  991.2 |
               +--------+--------+--------+--------+--------+-----+--------+

Top non-repeatable levels by time:
     D:3: 1399 daAuts
     D:1: 943 daAuts
     D:2: 831 daAuts
     D:4: 790 daAuts
